 Dungeon Crawl Stone Soup version 0.28.0-53-g5a82cb258f (webtiles) character file.

Game seed: 17748724813636303042

142 Sin92 the Skirmisher (level 5, -3/42 HPs)
             Began as a Demonspawn Fighter on June 21, 2022.
             Slain by Duvessa
             ... wielding a +0 short sword
              (5 damage)
             ... on level 4 of the Dungeon.
             The game lasted 00:02:31 (2457 turns).

Sin92 the Skirmisher (Demonspawn Fighter)           Turns: 2457, Time: 00:02:31

Health: -3/42      AC:  7    Str: 17    XL:     5   Next: 3%
Magic:  5/5        EV:  9    Int:  9    God:
Gold:   126        SH:  5    Dex: 14    Spells: 4/4 levels left

rFire   . . .      SeeInvis .   a - +0 trident
rCold   . . .      Faith    .   c - +0 buckler
rNeg    . . .      Spirit   .   b - +0 scale mail
rPois   +          Reflect  .   (no helmet)
rElec   .          Harm     .   (no cloak)
rCorr   .          Rampage  .   (no gloves)
Will    .....                   (no boots)
Stlth   ..........              (no amulet)
HPRegen 0.14/turn               h - ring of poison resistance
MPRegen 0.09/turn               (no ring)

@: weak-willed, invisible
A: rugged brown scales 1, demonic touch 1
a: no special abilities


You were on level 4 of the Dungeon.
You visited 1 branch of the dungeon, and saw 4 of its levels.

You collected 126 gold pieces.

Inventory:

Hand Weapons
 a - a +0 trident (weapon)
Armour
 b - a +0 scale mail (worn)
 c - a +0 buckler (worn)
 o - the +0 pair of boots of Pleasant Breezes {rC+}
   (You found it on level 4 of the Dungeon)

   rC:        It protects you from cold.
Jewellery
 h - a ring of poison resistance (left hand)
Scrolls
 f - a scroll of blinking
Potions
 e - a potion of lignification
 g - a potion of curing {unknown}
 i - 2 potions of resistance
 k - a potion of ambrosia {unknown}
 m - a potion of brilliance {unknown}


   Skills:
 + Level 3.6 Fighting
 * Level 3.1 Polearms
 + Level 3.2 Armour
 + Level 1.4 Dodging
 + Level 3.2 Shields


You had 4 spell levels left.
You didn't know any spells.
Your spell library contained the following spells:

 Spells                   Type           Power      Damage    Failure   Level
 Ignite Poison            Fire/Tmut/Pois 0%         N/A       99%         3
 Mephitic Cloud           Conj/Pois/Air  0%         N/A       99%         3
 Hailstorm                Conj/Ice       0%         3d3       100%        4
 Ice Form                 Ice/Tmut       0%         N/A       100%        4
 Freezing Cloud           Conj/Ice/Air   0%         6-21      100%        5
 Simulacrum               Ice/Necr       0%         N/A       100%        6


Dungeon Overview and Level Annotations

Branches:
Dungeon (4/15)
 Temple: D:4-7

Altars:
Ashenzari
Elyvilon
Makhleb
Nemelex Xobeh
Qazlal
Ru
Sif Muna
Trog
Yredelemnul

Shops:
D:3 (

Annotations:
D:4 Dowan, Duvessa


Innate Abilities, Weirdness & Mutations

You are partially covered in rugged brown scales. (AC +1, +3% HP)
Your touch may inflict minor irresistible damage on your foes.


Message History

Dowan gestures at you while chanting. The puff of frost hits you!
* * * LOW HITPOINT WARNING * * *
You barely miss Duvessa.
Duvessa is moderately wounded.
Duvessa hits you but does no damage. Dowan completely misses you.
Duvessa hits you but does no damage. Dowan barely misses you.
Unknown command.
You feel much better. Dowan closely misses you.
Duvessa hits you with a +0 short sword.
It was a potion of invisibility.
You fade into invisibility!
Duvessa hits you with a +0 short sword.
Dowan gestures wildly while chanting.
Dowan blinks!
Unknown command.
You hit Duvessa.
Duvessa is moderately wounded.
Duvessa hits you with a +0 short sword!
* * * LOW HITPOINT WARNING * * *
Dowan says, "Magic and the sword, together, will defeat you."
You hit Duvessa.
Duvessa is heavily wounded.
Duvessa gestures with her weapon.
Duvessa closely misses you. Dowan casts a spell at you.
The puff of flame hits you.
* * * LOW HITPOINT WARNING * * *
You catch the helpless Duvessa completely off-guard!
You hit Duvessa.
Duvessa is heavily wounded.
An orc comes into view. It is wielding a +1 dagger of flaming.
Dowan casts a spell.
Dowan blinks!
The orc shouts!
You hit Duvessa.
Duvessa is heavily wounded.
The orc shouts!
Duvessa hits you with a +0 short sword.
You die...

# #
###.######.#
...e...<.#.#
.J...e..<..#
###.####J###
# #e# #@#
#.# #)# #.#
#e# #.# #o#
#.#


You could see Duvessa (weak-willed), Dowan, an orc and an endoplasm.

Vanquished Creatures
  A scorpion (D:3)
  4 adders (D:3)
  A dart slug (D:1)
  4 bats
  4 endoplasms
  4 goblins
  2 hobgoblins (D:3)
  5 kobolds
  3 quokkas
  7 ball pythons
  4 frilled lizards
  4 rats
43 creatures vanquished.

Notes
Turn   | Place    | Note
-------+----------+-------------------------------------------
     0 | D:1      | Sin92 the Demonspawn Fighter began the quest for the Orb.
     0 | D:1      | Reached XP level 1. HP: 18/18 MP: 1/1
   443 | D:1      | Gained mutation: You are partially covered in rugged brown
                  | scales. (AC +1, +3% HP) [demonic ancestry]
   443 | D:1      | Reached XP level 2. HP: 18/24 MP: 2/2
   708 | D:1      | You fall into a shaft and drop 1 floor!
  1200 | D:2      | Gained mutation: Your touch may inflict minor irresistible
                  | damage on your foes. [demonic ancestry]
  1200 | D:2      | Reached XP level 3. HP: 26/29 MP: 3/3
  1321 | D:2      | Identified the +7 short sword "Byx Vyreo" {venom, rC+
                  | Will+}
  1431 | D:3      | Found a stormy altar of Qazlal.
  1565 | D:3      | Found Bealapil's Weapon Shoppe.
  1568 | D:3      | Noticed a scorpion
  1576 | D:3      | Killed a scorpion
  1577 | D:3      | Reached skill level 1 in Dodging
  1577 | D:3      | Reached XP level 4. HP: 18/36 MP: 4/4
  1816 | D:3      | Found a bloodstained altar of Trog.
  1817 | D:3      | Found a basalt altar of Yredelemnul.
  1824 | D:3      | Found a broken altar of Ashenzari.
  1825 | D:3      | Found a sacrificial altar of Ru.
  1827 | D:3      | Found a sparkling altar of Nemelex Xobeh.
  1828 | D:3      | Found a burning altar of Makhleb.
  1830 | D:3      | Found a shimmering blue altar of Sif Muna.
  2300 | D:3      | Reached XP level 5. HP: 42/42 MP: 5/5
  2432 | D:4      | Noticed Duvessa
  2432 | D:4      | Noticed Dowan
  2435 | D:4      | Identified the +0 pair of boots of Pleasant Breezes {rC+}
  2455 | D:4      | HP: 2/42 [Dowan/puff of flame (6)]
  2457 | D:4      | Slain by Duvessa

Illustrated notes

Levels and vault maps discovered:
D:1:      wander_arrival_chamber, layout_basic, basic_ecumenical_altar
D:2:      layout_basic
D:3:      layout_basic, nicolae_overflow_hallway_of_the_gods, serial_shops,
          shop_coins, minmay_stone_trees_medium, minmay_snake_closets
D:4:      layout_loops_ring, uniq_duvessa

Skill      XL: |  1  2  3  4 |
---------------+-------------+-----
Polearms       | 2 3 |  3.1
Armour         | 3 |  3.2
Dodging        | 1 |  1.4
Shields        | 3 |  3.2
Fighting       | |  3.6

Action                   |  1- 3 |  4- 6 || total
-------------------------+-------+-------++-------
Melee: Trident           |   113 |    58 ||   171
  Use: Scroll            |     4 |     2 ||     6
       Potion            |     1 |     2 ||     3
 Stab: Invisible         |       |     1 ||     1
Armor: Scale mail        |    36 |    26 ||    62
Dodge: Dodged            |    28 |    18 ||    46
Block: Buckler           |    30 |    10 ||    40
